BSA
ST CHARLES SHEENS @ SPRINGFIELD STARS
03/16/2024
 
TOP OF THE 1ST
St Charles Sheens batting - Pitching for Springfield Stars : RHP José López
Pitching: RHP José López
Batting: RHB Daniel Robert 0-0: Ball
1-0: Fly out, F9 (Flyball, 9D)
Batting: LHB Jeff Carter 0-0: Ball
1-0: Ball
2-0: Ball
3-0: Base on Balls
Batting: RHB Judson Backstrom 0-0: Ball
1-0: Fly out, F9 (Flyball, 9M)
Batting: LHB Gene Cooper Pickoff Throw to First - Out!
Top of the 1st over - 0 run(s), 0 hit(s), 0 error(s), 0 left on base; St Charles 0 - Springfield 0
BOTTOM OF THE 1ST
Springfield Stars batting - Pitching for St Charles Sheens : RHP Toshikasu Kiyomizu
Pitching: RHP Toshikasu Kiyomizu
Batting: RHB Cho-yun Qiao 0-0: Ball
1-0: Fly out, F9 (Flyball, 89D)
Batting: SHB David García 0-0: Ball
1-0: Foul Ball, location: 2F
1-1: Ground out 4-3 (Groundball, 34)
Batting: LHB Felipe Guerrero 0-0: Fly out, F7 (Flyball, 7D)
Bottom of the 1st over - 0 run(s), 0 hit(s), 0 error(s), 0 left on base; St Charles 0 - Springfield 0
TOP OF THE 2ND
St Charles Sheens batting - Pitching for Springfield Stars : RHP José López
Batting: LHB Gene Cooper 0-0: Ball
1-0: Foul Ball, location: 2F
1-1: Ball
2-1: Swinging Strike
2-2: Strikes out swinging
Batting: RHB Dan Tyler 0-0: Called Strike
0-1: Ball
1-1: Foul Ball, location: 2F
1-2: Ground out 4-3 (Groundball, 34)
Batting: RHB Júlio Hernández 0-0: Ball
1-0: Ball
2-0: Called Strike
2-1: Ball
3-1: Foul Ball, location: 2F
3-2: Foul Ball, location: 2F
3-2: SINGLE (Line Drive, 4)
Batting: SHB Kyle MacGregor 0-0: Ball
1-0: Ball
2-0: DOUBLE (Line Drive, 89D)
Júlio Hernández to third
Batting: RHB Júlio Figueroa 0-0: Ground out 5-3 (Groundball, 5)
Top of the 2nd over - 0 run(s), 2 hit(s), 0 error(s), 2 left on base; St Charles 0 - Springfield 0
BOTTOM OF THE 2ND
Springfield Stars batting - Pitching for St Charles Sheens : RHP Toshikasu Kiyomizu
Batting: RHB Alberto Campos 0-0: Called Strike
0-1: Ball
1-1: Foul Ball, location: 2F
1-2: Ball
2-2: Foul Ball, location: 2F
2-2: Fly out, F8 (Flyball, 78D)
Batting: RHB Bob Hall 0-0: Fly out, F8 (Flyball, 8LS)
Batting: LHB César Valentín 0-0: Called Strike
0-1: Called Strike
0-2: Ball
1-2: Foul Ball, location: 2F
1-2: Strikes out looking
Bottom of the 2nd over - 0 run(s), 0 hit(s), 0 error(s), 0 left on base; St Charles 0 - Springfield 0
TOP OF THE 3RD
St Charles Sheens batting - Pitching for Springfield Stars : RHP José López
Batting: RHB Salvador Medine 0-0: Foul Ball, location: 2F
0-1: Fly out, F4 (Popup, 4D)
Batting: RHB Daniel Robert 0-0: Ball
1-0: Foul Ball, location: 2F
1-1: Foul Ball, location: 2F
1-2: Fly out, F4 (Popup, 4)
Batting: LHB Jeff Carter 0-0: Ball
1-0: Ball
2-0: Fly out, F7 (Flyball, 7LD)
Top of the 3rd over - 0 run(s), 0 hit(s), 0 error(s), 0 left on base; St Charles 0 - Springfield 0
BOTTOM OF THE 3RD
Springfield Stars batting - Pitching for St Charles Sheens : RHP Toshikasu Kiyomizu
Batting: RHB Juan Muńíz 0-0: Foul Ball, location: 2F
0-1: Called Strike
0-2: Ground out 5-3 (Groundball, 56)
Batting: SHB Shane Hutchinson 0-0: Called Strike
0-1: Ball
1-1: Foul Ball, location: 2F
1-2: Ground out 4-3 (Groundball, 4)
Batting: LHB Jesús Tobías 0-0: Ball
1-0: Fly out, F8 (Flyball, 8RS)
Bottom of the 3rd over - 0 run(s), 0 hit(s), 0 error(s), 0 left on base; St Charles 0 - Springfield 0
TOP OF THE 4TH
St Charles Sheens batting - Pitching for Springfield Stars : RHP José López
Batting: RHB Judson Backstrom 0-0: Called Strike
0-1: Ball
1-1: Ball
2-1: Ball
3-1: Called Strike
3-2: Base on Balls
Batting: LHB Gene Cooper 0-0: Called Strike
0-1: Ball
1-1: Foul Ball, location: 2F
1-2: Ball
2-2: Strikes out looking
Batting: RHB Dan Tyler 0-0: Foul Ball, location: 2F
0-1: Ball
1-1: Swinging Strike
1-2: Fly out, F9 (Flyball, 89M)
Batting: RHB Júlio Hernández 0-0: Ball
1-0: Ground out 4-3 (Groundball, 34)
Top of the 4th over - 0 run(s), 0 hit(s), 0 error(s), 1 left on base; St Charles 0 - Springfield 0
BOTTOM OF THE 4TH
Springfield Stars batting - Pitching for St Charles Sheens : RHP Toshikasu Kiyomizu
Batting: RHB Cho-yun Qiao 0-0: Called Strike
0-1: SINGLE (Flyball, 7S)
Batting: SHB David García 0-0: Called Strike
0-1: Called Strike
0-2: Ball
1-2: Foul Ball, location: 2F
1-2: Ball
2-2: Ball
3-2: Base on Balls
Cho-yun Qiao to second
Batting: LHB Felipe Guerrero 0-0: Ball
1-0: Ball
2-0: Ball
3-0: Called Strike
3-1: Called Strike
3-2: SINGLE (Line Drive, 9S)
Cho-yun Qiao to third
David García to second
Batting: RHB Alberto Campos 0-0: Ball
1-0: Ball
2-0: Called Strike
2-1: Swinging Strike
2-2: SINGLE (Groundball, 56)
Cho-yun Qiao scores
David García to third
Felipe Guerrero to second
Runner from 3rd tries for Home, SAFE, throw made home
Felipe Guerrero to third
Alberto Campos to second
Batting: RHB Bob Hall 0-0: DOUBLE (Line Drive, 7LS)
Felipe Guerrero scores
Alberto Campos scores
Batting: LHB César Valentín 0-0: Ball
1-0: Ball
2-0: Ball
3-0: Called Strike
3-1: Ground out 6-3 (Groundball, 6)
Batting: RHB Juan Muńíz 0-0: Swinging Strike
0-1: Foul Ball, location: 2F
0-2: Ball
1-2: Ground out 4-3 (Groundball, 4)
Bob Hall to third
Batting: SHB Shane Hutchinson 0-0: Foul Ball, location: 2F
0-1: Called Strike
0-2: Ball
1-2: Foul Ball, location: 2F
1-2: Strikes out looking
Bottom of the 4th over - 4 run(s), 4 hit(s), 0 error(s), 1 left on base; St Charles 0 - Springfield 4
TOP OF THE 5TH
St Charles Sheens batting - Pitching for Springfield Stars : RHP José López
Pitching: RHP Ken Childers
Batting: SHB Kyle MacGregor 0-0: Ball
1-0: SINGLE (Line Drive, 56D)
Batting: RHB Júlio Figueroa 0-0: Called Strike
0-1: Swinging Strike
0-2: Strikes out looking
Batting: RHB Salvador Medine 0-0: Fielders Choice at 2nd, 5-4 (Groundball, 5L)
Batting: RHB Daniel Robert 0-0: Foul Ball, location: 2F
0-1: Swinging Strike
0-2: Ball
1-2: Strikes out looking
Top of the 5th over - 0 run(s), 1 hit(s), 0 error(s), 1 left on base; St Charles 0 - Springfield 4
BOTTOM OF THE 5TH
Springfield Stars batting - Pitching for St Charles Sheens : RHP Toshikasu Kiyomizu
Pitching: LHP Rubén Martínez
Batting: LHB Jesús Tobías 0-0: Ball
1-0: Called Strike
1-1: Called Strike
1-2: Strikes out swinging
Batting: RHB Cho-yun Qiao 0-0: Called Strike
0-1: Ball
1-1: Ball
2-1: Called Strike
2-2: Fly out, F7 (Flyball, 7LM)
Batting: SHB David García 0-0: Ground out 1-3 (Groundball, 23)
Bottom of the 5th over - 0 run(s), 0 hit(s), 0 error(s), 0 left on base; St Charles 0 - Springfield 4
TOP OF THE 6TH
St Charles Sheens batting - Pitching for Springfield Stars : RHP Ken Childers
Batting: LHB Jeff Carter 0-0: Ball
1-0: Foul Ball, location: 2F
1-1: SINGLE (Line Drive, 8LS)
Batting: RHB Judson Backstrom 0-0: Called Strike
0-1: Ball
1-1: Foul Ball, location: 2F
1-2: Ball
2-2: Foul Ball, location: 2F
2-2: Ball
3-2: Foul Ball, location: 2F
3-2: Grounds into double play, 6-4-3 (Groundball, 6M)
Batting: LHB Gene Cooper 0-0: Called Strike
0-1: Called Strike
0-2: Ball
1-2: SINGLE (Line Drive, 4MD)
Batting: RHB Dan Tyler 0-0: Ball
1-0: Ball
Gene Cooper steals 2nd base
2-0: Ball
3-0: Base on Balls
Batting: RHB Júlio Hernández 0-0: Ball
1-0: Called Strike
1-1: Called Strike
1-2: Foul Ball, location: 2F
1-2: Strikes out swinging
Top of the 6th over - 0 run(s), 2 hit(s), 0 error(s), 2 left on base; St Charles 0 - Springfield 4
BOTTOM OF THE 6TH
Springfield Stars batting - Pitching for St Charles Sheens : LHP Rubén Martínez
Batting: LHB Felipe Guerrero 0-0: Ball
1-0: Ball
2-0: Swinging Strike
2-1: Swinging Strike
2-2: Strikes out swinging
Batting: RHB Alberto Campos 0-0: Ball
1-0: Ball
2-0: Swinging Strike
2-1: Called Strike
2-2: Foul Ball, location: 2F
2-2: Strikes out looking
Batting: RHB Bob Hall 0-0: Called Strike
0-1: Swinging Strike
0-2: Foul Ball, location: 2F
0-2: Ground out 5-3 (Groundball, 56S)
Bottom of the 6th over - 0 run(s), 0 hit(s), 0 error(s), 0 left on base; St Charles 0 - Springfield 4
TOP OF THE 7TH
St Charles Sheens batting - Pitching for Springfield Stars : RHP Ken Childers
Pitching: LHP Enrique Muńóz
Batting: SHB Kyle MacGregor 0-0: Ball
1-0: Foul Ball, location: 2F
1-1: Foul Ball, location: 2F
1-2: Strikes out swinging
Batting: RHB Júlio Figueroa 0-0: Swinging Strike
0-1: Ball
1-1: Ball
2-1: Foul Ball, location: 2F
2-2: Ground out 5-3 (Groundball, 56)
Batting: RHB Salvador Medine 0-0: Ball
1-0: Ball
2-0: Called Strike
2-1: Ball
3-1: Foul Ball, location: 2F
3-2: Foul Ball, location: 2F
3-2: Foul Ball, location: 2F
3-2: Ground out 4-3 (Groundball, 4M)
Top of the 7th over - 0 run(s), 0 hit(s), 0 error(s), 0 left on base; St Charles 0 - Springfield 4
BOTTOM OF THE 7TH
Springfield Stars batting - Pitching for St Charles Sheens : LHP Rubén Martínez
Batting: LHB César Valentín 0-0: Ball
1-0: Called Strike
1-1: Ball
2-1: Foul Ball, location: 2F
2-2: Ground out 4-3 (Groundball, 4M)
Pitching: RHP Jeff Lynn
Batting: RHB Juan Muńíz 0-0: Fly out, F6 (Line Drive, 6)
Batting: SHB Shane Hutchinson 0-0: Fly out, F2 (Popup, 2LF)
Bottom of the 7th over - 0 run(s), 0 hit(s), 0 error(s), 0 left on base; St Charles 0 - Springfield 4
TOP OF THE 8TH
St Charles Sheens batting - Pitching for Springfield Stars : LHP Enrique Muńóz
Pinch Hitting: RHB Alfredo Rivera 0-0: Ball
1-0: Foul Ball, location: 2F
1-1: Foul Ball, location: 2F
1-2: Ball
2-2: Ball
3-2: Ground out 4-3 (Groundball, 4M)
Pinch Hitting: RHB Howard Lane 0-0: Foul Ball, location: 2F
0-1: Ball
1-1: Foul Ball, location: 2F
1-2: Strikes out swinging
Batting: RHB Judson Backstrom 0-0: Ball
1-0: Fly out, F9 (Flyball, 9M)
Top of the 8th over - 0 run(s), 0 hit(s), 0 error(s), 0 left on base; St Charles 0 - Springfield 4
BOTTOM OF THE 8TH
Springfield Stars batting - Pitching for St Charles Sheens : RHP Jeff Lynn
Now at 1B: Alfredo Rivera
Now in RF: Marcos Cantú
Batting: LHB Jesús Tobías 0-0: Foul Ball, location: 2F
0-1: Ball
1-1: Called Strike
1-2: Foul Ball, location: 2F
1-2: Ball
2-2: Strikes out swinging
Pinch Hitting: RHB Juan Rodríguez 0-0: Called Strike
0-1: Ball
1-1: Fly out, F9 (Line Drive, 9S)
Pinch Hitting: RHB Calvin Bennett 0-0: Ball
1-0: Ball
2-0: Ball
3-0: Called Strike
3-1: Base on Balls
Pinch Hitting: RHB Jesús Torres 0-0: Ball
1-0: Ball
Calvin Bennett steals 2nd base
2-0: Called Strike
2-1: Swinging Strike
2-2: Foul Ball, location: 2F
2-2: Foul Ball, location: 2F
2-2: Ball
3-2: Strikes out looking
Bottom of the 8th over - 0 run(s), 0 hit(s), 0 error(s), 1 left on base; St Charles 0 - Springfield 4
TOP OF THE 9TH
St Charles Sheens batting - Pitching for Springfield Stars : LHP Enrique Muńóz
Now at 2B: Jesús Torres
Now in CF: Calvin Bennett
Now in RF: Juan Rodríguez
Pinch Hitting: RHB Guo-xiu Choi 0-0: Ball
1-0: Swinging Strike
1-1: Fly out, F9 (Flyball, 9S)
Pinch Hitting: RHB Kel Pierce 0-0: Foul Ball, location: 2F
0-1: Fly out, F9 (Flyball, 89M)
Pinch Hitting: LHB Bob Ware 0-0: Called Strike
0-1: Foul Ball, location: 2F
0-2: Ball
1-2: Foul Ball, location: 2F
1-2: Ball
2-2: Ground out U3 (Groundball, 3S)
Top of the 9th over - 0 run(s), 0 hit(s), 0 error(s), 0 left on base; St Charles 0 - Springfield 4
This league is powered by Out of the Park Baseball, the baseball management simulation game for PC, Mac and Linux
Saturday, April 9th, 2016 - OOTP Baseball 16.8 Build 38